 Seeded DCSS version 0.29.1-4-g47bece8355 (webtiles) character file.

Game seed: 15482173601955151116 (custom seed)

7620 kingsuperguy the Fighter (level 10, -1/94 HPs)
             Began as a Minotaur Fighter on Dec 7, 2022.
             Was a High Priest of Okawaru.
             Shot with an arrow by a centaur (7 damage)
             ... on level 2 of the Orcish Mines.
             The game lasted 00:14:02 (10550 turns).

kingsuperguy the Fighter (Minotaur Fighter)        Turns: 10550, Time: 00:14:03

Health: -1/94      AC: 12    Str: 28    XL:     10   Next: 98%
Magic:  9/9        EV: 14    Int:  5    God:    Okawaru [*****.]
Gold:   683        SH:  6    Dex: 11    Spells: 9/9 levels left

rFire   . . .      SeeInvis +   u - +8 hand axe of the Crawling Thing {elec, rElec rC- Str-2 SInv}
rCold   . . .      Faith    .   c - +0 buckler
rNeg    . . .      Spirit   .   R - +2 scale mail {rC+}
rPois   .          Reflect  .   (helmet restricted)
rElec   +          Harm     .   Q - +0 cloak
rCorr   .          Rampage  .   (no gloves)
Will    .....                   (no boots)
Stlth   ..........              (no amulet)
HPRegen 0.25/turn               v - +4 ring of evasion
MPRegen 0.11/turn               L - +6 ring of strength

@: about to teleport
A: horns 2, retaliatory headbutt
a: Renounce Religion, Heroism, Finesse, Duel


You were on level 2 of the Orcish Mines.
You worshipped Okawaru.
Okawaru was extremely pleased with you.
You visited 3 branches of the dungeon, and saw 12 of its levels.

You collected 683 gold pieces.

Inventory:

Hand Weapons
 a - a +0 war axe
 u - the +8 hand axe of the Crawling Thing (weapon) {elec, rElec rC- Str-2 SInv}
   (You found it on level 4 of the Dungeon)

   It occasionally discharges a powerful burst of electricity upon striking a
   foe.
   Str:       It affects your strength (-2).
   rC:        It makes you vulnerable to cold.
   rElec:     It insulates you from electricity.
   SInv:      It lets you see invisible.
 B - a +2 vorpal war axe
Missiles
 y - a throwing net (quivered)
Armour
 b - a +0 scale mail
 c - a +0 buckler (worn)
 Q - a +0 cloak (worn)
 R - a +2 scale mail of cold resistance (worn)
 S - +0 steam dragon scales
Jewellery
 l - an amulet of the acrobat
 m - a +6 ring of intelligence
 r - a ring of fire
 v - a +4 ring of evasion (left hand)
 E - a +6 ring of intelligence
 F - a +6 ring of intelligence
 I - a ring of wizardry
 J - a ring of protection from fire
 L - a +6 ring of strength (right hand)
 O - a +4 ring of protection
Wands
 e - a wand of polymorph (3)
 p - a wand of charming (18)
Scrolls
 f - 2 scrolls of fear
 h - 3 scrolls of enchant weapon
 n - 2 scrolls of teleportation
 q - 2 scrolls of noise
 t - 2 scrolls of summoning {unknown}
 w - 3 scrolls of butterflies
 x - 2 scrolls of magic mapping {unknown}
 C - 2 scrolls of poison {unknown}
 K - 2 scrolls of immolation {unknown}
 M - a scroll of amnesia {unknown}
 P - a scroll of enchant armour {unknown}
Potions
 g - a potion of resistance {unknown}
 i - 4 potions of curing
 j - a potion of heal wounds {unknown}
 k - a potion of haste {unknown}
 o - a potion of brilliance {unknown}
 s - 3 potions of magic {unknown}
 z - 2 potions of invisibility {unknown}
 A - a potion of degeneration {unknown}
 D - a potion of cancellation {unknown}
 G - 2 potions of mutation {unknown}
 H - a potion of attraction {unknown}
Miscellaneous
 N - a condenser vane


   Skills:
 + Level 10.8 Fighting
 + Level 10.4 Axes
 + Level 10.8 Armour
 + Level 10.8 Shields


You had 9 spell levels left.
You didn't know any spells.
Your spell library contained the following spells:

 Spells                   Type           Power      Damage    Failure   Level
 Freeze                   Ice            0%         1d3       77%         1
 Magic Dart               Conj           0%         1d3       77%         1
 Searing Ray              Conj           0%         2d4       88%         2
 Frozen Ramparts          Ice            0%         1d1       98%         3
 Ozocubu's Armour         Ice            0%         N/A       98%         3
 Stone Arrow              Conj/Erth      0%         3d7       98%         3
 Fulminant Prism          Conj/Hex       0%         3d6       100%        4
 Hailstorm                Conj/Ice       0%         3d3       100%        4
 Passage of Golubria      Tloc           0%         N/A       100%        4
 Yara's Violent Unravell  Hex/Tmut       0%         3d3       100%        5
 Ozocubu's Refrigeration  Ice            0%         4d7       100%        7
 Lehudib's Crystal Spear  Conj/Erth      0%         10d2      100%        8
 Tukima's Dance           Hex            Unusable   N/A       N/A         3
 Animate Armour           Summ/Erth      Unusable   N/A       N/A         4

Dungeon Overview and Level Annotations

Branches:
Dungeon (9/15)             Temple (1/1) D:5             Orc (2/2) D:9
    Elf (0/3) Orc:2
   Lair: D:8-11

Altars:
Ashenzari
Dithmenos
Elyvilon
Fedhas
Gozag
Kikubaaqudgha
Makhleb
Nemelex Xobeh
Okawaru
Qazlal
Ru
Sif Muna
Trog
Uskayaw
Wu Jian
Xom
Yredelemnul
Zin
The Shining One

Shops:
D:9 (

Annotations:
D:6 2 transporters, Ghostmaker01's ghost, novice MiFi
D:8 3 runed translucent doors, Rudyous's ghost, novice MiFi


Innate Abilities, Weirdness & Mutations

You have a pair of horns on your head.
You reflexively headbutt those who attack you in melee.


Message History

The centaur shoots an arrow.
The arrow barely misses you.
You hear a shout!
Okay, then.
Okay, then.
You feel better.
The centaur shoots an arrow.
The arrow completely misses you.
The centaur shoots an arrow.
The arrow barely misses you.
The centaur shoots an arrow.
The arrow closely misses you.
The centaur shoots an arrow.
You block the arrow.
You feel better.
The centaur shoots an arrow.
The arrow hits you.
* * * LOW HITPOINT WARNING * * *
The centaur shoots an arrow.
The arrow hits you.
* * * LOW HITPOINT WARNING * * *
The centaur shoots an arrow.
The arrow barely misses you.
The centaur shoots an arrow.
The arrow closely misses you.
The centaur shoots an arrow.
The arrow closely misses you.
As you read the scroll of teleportation, it crumbles to dust.
You feel strangely unstable.
The centaur shoots an arrow.
The arrow hits you but does no damage.
The centaur shoots an arrow.
The arrow closely misses you.
The centaur shoots an arrow.
The arrow barely misses you.
The centaur shoots an arrow.
The arrow hits you.
* * * LOW HITPOINT WARNING * * *
The centaur shoots an arrow.
The arrow hits you!
* * * LOW HITPOINT WARNING * * *
You hear a shout!
You feel better.
You hear a shout! x3
The centaur shoots an arrow.
The arrow closely misses you.
The centaur shoots an arrow.
The arrow hits you but does no damage.
The centaur shoots an arrow.
The arrow hits you but does no damage.
The centaur shoots an arrow.
The arrow hits you but does no damage.
The centaur shoots an arrow.
The arrow hits you but does no damage.
The centaur shoots an arrow.
The arrow hits you.
* * * LOW HITPOINT WARNING * * *
The centaur shoots an arrow.
You block the arrow.
You feel better.
The centaur shoots an arrow.
The arrow hits you.
* * * LOW HITPOINT WARNING * * *
The centaur shoots an arrow.
The arrow hits you.
* * * LOW HITPOINT WARNING * * *
The centaur shoots an arrow.
The arrow hits you!
You die...

#o....................
..#......$.......$...
..c.................
........c..........
.........##.#.....
##.....c....#......
#.............)....
##......##.........
#@....).#.........
#.....c............
#.......^#.#....)).
#..................
...#.......#....#..
##.#......###.....#.
###.....## ##...###
........ #...##.
...#... #...##.


You could see 4 centaurs.

Vanquished Creatures
  An orc knight (Orc:1)
  An orc sorcerer (Orc:1)
  Maurice (D:9)
  3 trolls
  A wraith (D:9)
  A wyvern (D:8)
  3 yaks (D:8)
  Grum (D:9)
  2 steam dragons
  2 water moccasins
  Duvessa (D:7)
  A black bear (D:6)
  9 orc warriors
  3 ice beasts
  A sky beast (D:6)
  3 wolves (D:9)
  8 ogres
  A centaur (D:9)
  2 scorpions (D:5)
  5 bullfrogs
  2 necrophages
  8 wights
  Dowan (D:7)
  4 jellies
  A gnoll bouda (D:5)
  3 hounds
  11 orc priests
  3 iguanas
  10 orc wizards
  9 adders
  7 gnolls
  3 shadow imps
  2 white imps (D:8)
  A worm (D:2)
  2 dart slugs
  41 orcs
  6 bats
  4 giant cockroaches
  5 hobgoblins
  6 jackals
  2 quokkas
  7 ball pythons
  4 frilled lizards (D:1)
  10 goblins
  11 kobolds
  8 rats
221 creatures vanquished.

Vanquished Creatures (others)
  2 orcs (D:9)
  A plant (D:2)
3 creatures vanquished.

Grand Total: 224 creatures vanquished

Notes
Turn   | Place    | Note
-------+----------+-------------------------------------------
     0 | D:1      | kingsuperguy the Minotaur Fighter began the quest for the
                  | Orb.
     0 | D:1      | Reached XP level 1. HP: 19/19 MP: 0/0
    94 | D:1      | Reached XP level 2. HP: 27/27 MP: 1/1
   786 | D:2      | Reached XP level 3. HP: 33/33 MP: 2/2
  1052 | D:2      | Found a faded altar of an unknown god.
  1566 | D:2      | You fall into a shaft and drop 1 floor!
  1631 | D:3      | Reached XP level 4. HP: 40/40 MP: 3/3
  1770 | D:3      | Reached XP level 5. HP: 28/47 MP: 4/4
  2041 | D:3      | Found a bloodstained altar of Trog.
  2531 | D:4      | Identified the +8 hand axe of the Crawling Thing {elec,
                  | rElec rC- Str-2 SInv}
  2558 | D:4      | Reached skill level 5 in Armour
  2558 | D:4      | Reached skill level 5 in Shields
  2565 | D:4      | Reached skill level 5 in Fighting
  2909 | D:4      | Reached XP level 6. HP: 54/56 MP: 5/5
  2934 | D:4      | Noticed an ice beast
  2940 | D:4      | Killed an ice beast
  3103 | D:4      | Found a glowing golden altar of the Shining One.
  3600 | D:4      | Found a basalt altar of Yredelemnul.
  3603 | D:4      | Found a burning altar of Makhleb.
  3640 | D:5      | Entered Level 5 of the Dungeon
  3989 | D:5      | Reached skill level 5 in Axes
  3994 | D:5      | Reached XP level 7. HP: 58/62 MP: 6/6
  4594 | D:5      | Reached XP level 8. HP: 50/71 MP: 7/7
  5012 | D:5      | Found a staircase to the Ecumenical Temple.
  5027 | Temple   | Entered the Ecumenical Temple
  5047 | Temple   | Became a worshipper of Warmaster Okawaru
  5607 | D:6      | Reached * piety under Okawaru
  5646 | D:6      | Noticed Ghostmaker01's ghost (novice MiFi)
  5648 | D:6      | Noticed a brown ugly thing
  5651 | D:6      | Found a transporter.
  5661 | D:6      | Found a transporter.
  6023 | D:6      | Found a stormy altar of Qazlal.
  6096 | D:6      | Noticed a boulder beetle
  6134 | D:6      | Found a broken altar of Ashenzari.
  6308 | D:7      | Reached XP level 9. HP: 78/81 MP: 8/8
  6322 | D:7      | Found a blossoming altar of Fedhas.
  6326 | D:7      | Found a sparkling altar of Nemelex Xobeh.
  6373 | D:7      | Noticed Dowan
  6382 | D:7      | Killed Dowan
  6514 | D:7      | Noticed Duvessa
  6523 | D:7      | Killed Duvessa
  6523 | D:7      | Reached ** piety under Okawaru
  7425 | D:8      | Found a runed translucent gate.
  7425 | D:8      | Found a runed translucent gate.
  7426 | D:8      | Found a runed translucent gate.
  7428 | D:8      | Noticed Rudyous's ghost (novice MiFi)
  7684 | D:8      | Noticed a troll
  7694 | D:8      | Killed a troll
  8453 | D:9      | Noticed Grum
  8459 | D:9      | Reached *** piety under Okawaru
  8467 | D:9      | Killed Grum
  8468 | D:9      | Reached XP level 10. HP: 91/91 MP: 9/9
  8997 | D:9      | Found Bipeahim's Weapon Shoppe.
  8997 | D:9      | Found a staircase to the Orcish Mines.
  9238 | D:9      | Noticed Maurice
  9245 | D:9      | Killed Maurice
  9245 | D:9      | Reached **** piety under Okawaru
  9867 | Orc:1    | Entered Level 1 of the Orcish Mines
  9902 | Orc:1    | Reached skill level 10 in Fighting
  9902 | Orc:1    | Reached skill level 10 in Armour
  9902 | Orc:1    | Reached skill level 10 in Shields
  9977 | Orc:1    | Noticed an orc knight
 10092 | Orc:1    | Noticed an orc sorcerer
 10101 | Orc:1    | Killed an orc sorcerer
 10106 | Orc:1    | Killed an orc knight
 10107 | Orc:1    | Reached skill level 10 in Axes
 10361 | Orc:2    | Entered Level 2 of the Orcish Mines
 10431 | Orc:2    | Found a staircase to the Elven Halls.
 10438 | Orc:2    | Reached ***** piety under Okawaru
 10544 | Orc:2    | HP: 4/94 [centaur/arrow (6)]
 10549 | Orc:2    | HP: 4/94 [centaur/arrow (5)]
 10550 | Orc:2    | Shot with an arrow by a centaur

Illustrated notes

Levels and vault maps discovered:
D:1:      sevenhm_arrival_forest_fort_small_3, layout_basic
D:2:      layout_loops_cross, serial_forest, infiniplex_forest_end_3,
          infiniplex_forest_clump_small, infiniplex_forest_lined_2,
          infiniplex_forest_end_1, infiniplex_forest_lined_corner,
          nicolae_ecumenical_pavilion
D:3:      layout_basic, trog_book, hangedman_glass_teeth
D:4:      layout_basic, kennysheep_mini, minitemple
D:5:      layout_loops_cross, minmay_temple_entry_antechambers
D:6:      layout_rooms, mainiacjoe_overflow_six_doors_small,
          mainiacjoe_overflow_alcove_4, gammafunk_ghost_arena,
          lightli_corner_chamber
D:7:      layout_cave_pools, jmf_multi_god_temple, uniq_duvessa
D:8:      layout_loops_corners, gammafunk_ghost_spectres
D:9:      layout_loops_corners, orc_david_3, hangedman_decor_push, uniq_grum,
          uniq_maurice
Temple:   minmay_temple_bridge_abc
Orc:1:    layout_caves, gammafunk_ghost_abyssal_escape
Orc:2:    st_orc_rangers, layout_caves, gauntlet_entry_generic,
          guppyfry_orc_lava_fort, uniq_saint_roka

Skill      XL: |  1  2  3  4  5  6  7  8  9 10 |
---------------+-------------------------------+-----
Fighting       | 4 5 6 8 9 10 | 10.8
Shields        | 4 5 6 8 9 10 | 10.8
Armour         | 4 5 6 8 9 10 | 10.8
Axes           | 3 4 5 6 7 9 10 | 10.4

Action                   |  1- 3 |  4- 6 |  7- 9 | 10-12 || total
-------------------------+-------+-------+-------+-------++-------
Melee: War axe           |    82 |    55 |       |       ||   137
       Headbutt          |     8 |    13 |    31 |    29 ||    81
       Hand axe          |       |    44 |   193 |   123 ||   360
  Use: Scroll            |       |     3 |       |     3 ||     6
       Potion            |       |       |       |     9 ||     9
Armor: Scale mail        |    50 |    39 |    31 |    31 ||   151
Dodge: Dodged            |    46 |    59 |    95 |    80 ||   280
Block: Buckler           |    29 |    22 |    28 |    38 ||   117
